[Event "Karel Janecek Open 2025"]
[Site "Prague"]
[Date "2025.03.03"]
[Round "5.11"]
[White "Grigoryan, Karen H."]
[Black "Eret, Matous"]
[Result "1-0"]
[Annotator "TA"]
[ECO "C61"]
[WhiteElo "2554"]
[BlackElo "2304"]
[PlyCount "99"]
[EventDate "2025.02.21"]
[EventType "swiss"]
[EventCountry "CZE"]
[SourceTitle "playchess.com"]
[Source "ChessBase"]
[SourceQuality "1"]
[TimeControl "40/5400+30:1800+30"]

1. e4 e5 2. Nf3 Nc6 3. Bb5 Nd4 4. Nxd4 exd4 5. O-O Bc5 6. b4 Bb6 {[%emt 0:02:17] C61: Ruy Lopez: Bird's Defence.} 7. a4 $146 (7. Na3 a6 8. Bd3 Ne7 9. Nc4 Ba7 10. Bb2 Nc6 11. Qh5 d6 12. a3 b5 13. Na5 Nxa5 14. bxa5 {0-1 Smirin,I (2658)-Rapport,R (2693) ACP Masters Gp-B rapid 2015 (1)}) 7... a6 8. Bc4 Ne7 {[%emt 0:02:31] White is slightly better.} 9. a5 Ba7 10. Qh5 {[%emt 0:00:52][%csl Gc4][%cal Rh5f7] White is more active.} O-O 11. Ra3 (11. d3 $14) 11... d5 12. Bxd5 $40 {[%emt 0:03:13][%mdl 128] White is up to no good.} Nxd5 {[%emt 0:00:59] Black sacrificed a pawn} 13. exd5 g6 14. Qf3 (14. Rg3 Qd6 15. Qh6 f6 16. d3) 14... Bf5 (14... c6 $11) 15. d3 $14 h5 16. h3 Qd7 17. Nd2 Kg7 18. Bb2 Rad8 19. c4 dxc3 20. Rxc3 (20. Bxc3+ f6) 20... Bd4 {[%emt 0:03:01] [#]} 21. Rxc7 Qxd5 22. Qxd5 (22. Bxd4+ {keeps more tension.} Qxd4 23. Qxb7 Bxd3 24. Nf3) 22... Rxd5 23. Bxd4+ Rxd4 24. Rxb7 Bxd3 (24... Rxd3 $14 25. Nf3 Bxh3) 25. Nb3 Rf4 26. Rd1 Bc4 {[%emt 0:06:08] [#]} 27. Nd4 Rc8 (27... Rd8 $2 28. Nf5+ Rxf5 29. Rxd8 $18) (27... Ra8 $16 28. f3 Rf6 (28... Rd8 $2 29. Ne6+ Bxe6 30. Rxd8 $18)) 28. f3 h4 (28... Rd8 $2 29. Ne6+ Bxe6 30. Rxd8 $18) (28... Rf6 $16 29. Rd2 h4) 29. Kf2 Rf6 30. Rd7 Rb8 31. Rb1 Bb5 32. Rd5 Ba4 33. Ke3 Bc6 34. Rc5 Re8+ (34... Bd7 $142) 35. Kf2 Ba4 36. Re1 Rxe1 37. Kxe1 $16 {[%emt 0:00:05][%mdl 4096] Endgame KRB-KRN. White is a pawn up.} Rd6 38. Rc4 f5 (38... Kf6 $16 39. Kf2 Kg7) 39. f4 $18 Kf6 40. Kf2 Rd7 41. Nf3 Ke6 42. Ke3 Rd1 43. Rd4 Rb1 44. Nxh4 Rb2 45. g3 ({Resist} 45. Nxg6 $6 Rxg2 46. Ne5 Rg3+ 47. Kf2 Rxh3 $16) 45... Bc6 (45... Rh2 {was necessary.} 46. Rd3 (46. Nxg6 Rxh3 47. Kf2 Rh2+ 48. Kg1 Rb2 $16) 46... Rxh3) 46. Nxg6 Rg2 {[%emt 0:03:01] [#]} (46... Bb5 $142 47. Ne5 Rb3+ 48. Nd3 Bxd3) 47. g4 $1 {[%emt 0:00:00] and gxf5+ would now be decisive} Rg3+ 48. Kf2 Rf3+ (48... Rg2+ $142 49. Ke1 Rg1+ 50. Kd2 Ba4) 49. Ke2 Rxh3 50. gxf5+ {[%emt 0:00:00] Weighted Error Value: White=0.13 (very precise) /Black=0.38  Mistake:       	White=1     	Black=9      Inaccurate:     	White=6     	Black=6      OK:         	White=20    	Black=13     Best:        	White=3     	Black=3      Brilliant:      	White=1     	---} 1-0

[Event "Karel Janecek Open 2025"]
[Site "Prague"]
[Date "2025.03.03"]
[Round "5.12"]
[White "Klek, Hanna Marie"]
[Black "Sasikiran, Krishnan"]
[Result "1/2-1/2"]
[Annotator "TA"]
[ECO "B72"]
[WhiteElo "2289"]
[BlackElo "2548"]
[PlyCount "129"]
[EventDate "2025.02.21"]
[EventType "swiss"]
[EventCountry "CZE"]
[SourceTitle "playchess.com"]
[Source "ChessBase"]
[SourceQuality "1"]
[TimeControl "40/5400+30:1800+30"]

1. e4 c5 2. Nf3 d6 3. d4 cxd4 4. Nxd4 Nf6 5. Nc3 a6 6. Be3 g6 7. f3 {[%emt 0:00:50] B72: Sicilian Dragon: 6 Be3, lines with h3+Bc4 and sidelines.} h5 8. Bc4 Bg7 9. Qd2 {[%emt 0:02:05] White is slightly better.} Nbd7 10. a4 {[%emt 0:15:13] White is much more active.} Qc7 11. Ba2 b6 12. O-O-O $146 (12. O-O Bb7 13. Rad1 Ne5 14. Qe2 Rc8 15. h3 Nc4 16. Bc1 Nd7 17. Kh1 Nce5 18. Nd5 Bxd5 19. Bxd5 {1-0 Zheng,M (2050)-Vu,L (1813) PNWCC Online blitz JP 13th 2020 (10)}) 12... Bb7 13. h3 h4 14. Kb1 Ne5 15. Qe2 Rc8 $1 16. Rhe1 Nc4 17. Bc1 Rh5 18. b3 Ne5 (18... Na5 {is more complex.} 19. Bb2 Rc5 20. Nd5 Nxd5 21. exd5 Rxd5 22. Ne6 fxe6 23. Bxg7 e5) 19. Bb2 (19. Nd5 Bxd5 20. exd5 Nxd5 $17) 19... Ned7 20. f4 (20. b4 $11) 20... Rc5 $2 {[%emt 0:05:02][%mdl 8192] [#] Black has strong rooks and is better} (20... Nc5 $1 $15 21. e5 dxe5 22. fxe5 Nd5 23. Nxd5 Bxd5) 21. Nd5 $1 $36 {[%emt 0:01:03][%mdl 2560] White has strong initiative.} Qd8 (21... Nxd5 22. exd5) 22. c4 Kf8 (22... e5 $16) 23. b4 R5c7 {[%emt 0:00:13] [#]} 24. e5 $1 dxe5 25. fxe5 (25. Nxc7 exd4 26. Nd5 Nxd5 27. cxd5 Nf6 $18) 25... Nxd5 26. cxd5 Nxe5 {[%emt 0:00:41][%cal Od8d6] [#]} 27. Ne6+ $1 fxe6 28. Bxe5 (28. dxe6 $18 {is the precise move to win.} Qe8 29. Bxe5) 28... exd5 $16 {[%emt 0:02:04][%cal Og7f6] [#]} (28... Bxe5 $2 29. Qxe5 Kg8 30. Qxe6+ (30. dxe6 Qf8 $11) (30. d6 exd6 31. Rxd6 Qf8 $18) 30... Kh7 31. Qf7+ (31. Qxb6 $2 Rc1+ 32. Rxc1 Qxb6 $19) 31... Kh8 32. Re4 $18 (32. Qxg6 Qd6 $18)) 29. Rf1+ (29. Bxc7 Qxc7 30. Bxd5 Bf6 31. Bxb7 Qc3 $11) ({White should play} 29. Qf3+ $1 $16 Kg8 (29... Bf6 30. Bxd5 $16) 30. Bxc7 Qxc7 31. Rc1 (31. Bxd5+ Kh7 $15)) 29... Bf6 $11 30. Bxf6 (30. Rd4 $11) 30... exf6 $17 31. Qe6 Rc6 (31... Kg7 $17 {Threatens to win with ...Bc6.} 32. Bxd5 Qf8) 32. Qg4 $11 f5 33. Bxd5 {[%emt 0:00:32][%cal Of1f5] And now Rxf5+! would win.} Qf6 34. Bxc6 Bxc6 35. Qd4 {[%emt 0:00:32] Inhibits Qe5.} Kg7 36. Qxf6+ (36. Qxb6 {gets mated.} Be4+ (36... Bxa4 $2 {is the wrong capture.} 37. Qb7+ Qf7 38. Qxc8 $18)) 36... Kxf6 {[%emt 0:00:04][%mdl 4096] Endgame KRR-KRB} 37. Rf2 Ke5 {[%emt 0:00:46] Dodges Rd6} 38. Kb2 Bxa4 39. Re2+ Kf4 40. Rd4+ Kg5 41. Rd6 Rc6 42. Ree6 Rxd6 43. Rxd6 {[%emt 0:00:05] KR-KB} a5 44. Rxb6 axb4 45. Kc1 Bb3 46. Rb5 {[%emt 0:06:30] Dodges Bd5} Bc4 47. Rxb4 Bd5 48. Kd2 Bxg2 49. Rb3 Kf4 50. Ke2 (50. Ke1 $11) 50... Bd5 $1 $15 51. Ra3 g5 52. Kf2 g4 53. hxg4 fxg4 54. Ra4+ Be4 55. Kg1 g3 56. Ra2 (56. Rb4 $11) 56... h3 $17 57. Rb2 Bd3 58. Ra2 Ke3 59. Rb2 Kf3 60. Ra2 Be2 (60... Bg6 $17 61. Rb2 Bd3) 61. Ra3+ $11 {[%emt 0:00:13] The position is equal.} Kf4 62. Ra4+ $1 Ke3 {[%emt 0:01:51] ( -> ...h2+)} 63. Rh4 h2+ 64. Rxh2 gxh2+ 65. Kxh2 {[%emt 0:00:06] Weighted Error Value: White=0.19 (very precise) /Black=0.18 (very precise)   Loses game:     	---       	Black=1      Mistake:       	White=6     	Black=3      Inaccurate:     	White=3     	Black=4      OK:         	White=22    	Black=18     Best:        	White=3     	Black=11     Strong:       	White=1     	Black=2      Brilliant:      	White=1     	---} 1/2-1/2

[Event "Karel Janecek Open 2025"]
[Site "Prague"]
[Date "2025.03.03"]
[Round "5.13"]
[White "Vetoshko, Volodymyr"]
[Black "Walek, Petr"]
[Result "1-0"]
[Annotator "TA"]
[ECO "B76"]
[WhiteElo "2529"]
[BlackElo "2279"]
[PlyCount "61"]
[EventDate "2025.02.21"]
[EventType "swiss"]
[EventCountry "CZE"]
[SourceTitle "playchess.com"]
[Source "ChessBase"]
[SourceQuality "1"]
[TimeControl "40/5400+30:1800+30"]

1. e4 c5 2. Nf3 d6 3. d4 cxd4 4. Nxd4 Nf6 5. Nc3 g6 6. Be3 Nc6 7. f3 Bg7 8. Qd2 O-O 9. O-O-O Nxd4 10. Bxd4 Be6 11. Kb1 Qc7 12. g4 Rfc8 13. h4 Qa5 14. a3 Rab8 15. h5 b5 16. h6 Bh8 {[%emt 0:20:33] And now ...b4 would win. A sharp opening B76: Sicilian Dragon: Yugoslav Attack, 9 g4 and 9 0-0-0.} 17. g5 $1 b4 18. Nb5 Qa4 {[%emt 0:01:04][%cal Ob4a3] White is better.} 19. Rh2 $1 {[%emt 0:07:50] Some like it hot} (19. gxf6 bxa3 20. b4 (20. fxe7 Rxc2 21. Qxc2 a2+ 22. Ka1 Qxc2 $17) 20... Ba2+ (20... Rxb5 $2 21. Bxb5 Qxb5 22. fxe7 $18) (20... a6 $2 21. fxe7 a2+ 22. Ka1 $18) 21. Kc1 Bxf6 $19 (21... Rxb5 $2 22. Bxb5 Qb3 23. Qd3 $18) (21... Qb3 22. Qd3 $16)) 19... b3 {[%emt 0:18:56] [#]} 20. c4 {[%emt 0:09:29][%cal Bc2c4,Bc4b5][%mdl 32] Active counter play!} (20. gxf6 $2 bxc2+ $19 (20... Rxb5 $2 {perishes.} 21. c3 $18)) 20... Rxb5 $146 (20... Ne8 21. Nc3 Qa5 22. Nd5 Qxd2 23. Nxe7+ Kf8 24. Rhxd2 Kxe7 25. Bxh8 Bxc4 26. Bg2 f6 {1-0 Leiner,R (2389)-Mesquita,F (2341) WS MN/072 email 2011}) 21. cxb5 $18 Nxe4 22. fxe4 Rc2 {[%emt 0:00:54] [#]} (22... Bg4 $142 23. Bxh8 Bxd1) 23. Qe3 $1 Rxh2 {[%emt 0:08:59] [#]} 24. Bxh8 $1 Kxh8 25. Qc3+ f6 26. gxf6 Qxe4+ 27. Ka1 Qc2 28. f7+ Qxc3 29. f8=Q+ Bg8 30. bxc3 b2+ 31. Kb1 {[%emt 0:00:04] Black got outplayed after the opening.   Weighted Error Value: White=0.00 (flawless) /Black=1.04  Loses game:     	---       	Black=1      Mistake:       	---       	Black=1      OK:         	White=2     	Black=2      Best:        	White=1     	---        Strong:       	White=2     	---} 1-0

[Event "Karel Janecek Open 2025"]
[Site "Prague"]
[Date "2025.03.03"]
[Round "5.14"]
[White "Piccoli, Lucas Fonseca"]
[Black "Noe, Christopher"]
[Result "0-1"]
[Annotator "TA"]
[ECO "B13"]
[WhiteElo "2284"]
[BlackElo "2511"]
[PlyCount "120"]
[EventDate "2025.02.21"]
[EventType "swiss"]
[EventCountry "CZE"]
[SourceTitle "playchess.com"]
[Source "ChessBase"]
[SourceQuality "1"]
[TimeControl "40/5400+30:1800+30"]

1. e4 c6 2. d4 d5 3. exd5 cxd5 4. Bd3 Nc6 5. c3 Nf6 6. Bf4 Bg4 7. Qb3 Qd7 8. Nd2 e6 9. Ngf3 Bxf3 10. Nxf3 Bd6 11. Bg3 O-O 12. O-O Bxg3 {[%emt 0:02:43] B13: Caro-Kann: Exchange Variation and Panov-Botvinnik Attack.} 13. hxg3 Rab8 14. a4 g6 $146 {[%emt 0:11:53] The position is equal.} (14... Qc7 15. Rfe1 Rfc8 16. Ne5 a6 17. Qd1 b5 18. Qe2 Qb6 19. Nxc6 Qxc6 20. axb5 axb5 {0-1 Kubikova,A (2170)-Zdebskaja,N (2350) EU-chT U18 Girls 4th 2003 (7)}) 15. Rfe1 Kg7 16. a5 Qc7 17. Qa4 Ne8 18. Ne5 Nd6 19. Re2 Rfc8 20. Nf3 b5 21. axb6 axb6 22. Qd1 Ra8 23. Nd2 Na5 24. Re1 b5 25. Nb3 Nab7 {[%emt 0:01:19] Wards off Nc5} (25... Nxb3 $15 26. Qxb3 h6) 26. Qe2 $11 Nc4 27. g4 Qd8 28. g3 Kg8 29. Kg2 Rxa1 30. Rxa1 Qb6 31. g5 Qd8 32. Ra7 Qb6 33. Ra1 Qd8 34. Ra7 Ncd6 (34... Qb6 $11 35. Ra2 Qd8) 35. Ra6 (35. Bxb5 Qb6 (35... Qxg5 $2 36. Ba6 $18) 36. Rxb7 Qxb7 $19) (35. Qg4 $16) 35... Qxg5 36. Bxb5 (36. Nc5 $5) 36... Ne4 37. Qe3 $2 (37. Bd3 $14 {stays ahead.}) 37... Qxe3 $17 {[%emt 0:00:41][%csl Oe4] Strong Square Black (e4)} 38. fxe3 Nbd6 39. Rb6 Nf5 40. Kf3 Nfxg3 {[%emt 0:02:08] Black has more active pieces. A dynamic duo of knights.} ({Don't do} 40... Nexg3 41. Bd3 $19) 41. Nc5 h5 42. Bd3 g5 43. Bxe4 (43. Ra6 $17) 43... Nxe4 $19 44. Nxe4 dxe4+ 45. Kxe4 $17 {[%emt 0:00:00][%mdl 4096] Endgame KR-KR} Kg7 {and ...h4 would now be decisive} 46. Rb5 $2 {[%emt 0:05:21] Now White is beyond hope.} (46. Ra6 $17) 46... Kg6 (46... f5+ $142 47. Ke5 h4 48. Rb7+ (48. Kxe6 $2 h3 $19) 48... Kh8) 47. Rc5 $2 (47. d5) 47... Rh8 $19 48. Ra5 h4 49. Ra1 f5+ 50. Kf3 g4+ 51. Kg2 h3+ 52. Kh2 Kg5 53. b4 $2 (53. Kg3) 53... Kh4 54. b5 g3+ 55. Kh1 {[%emt 0:00:33] [#]} f4 $1 {[%emt 0:05:47][%mdl 512] Black mates.} 56. exf4 Rf8 57. b6 Rxf4 58. c4 h2 (58... Rxd4 $2 59. b7 Rd2 (59... Rxc4 $2 {perishes.} 60. b8=Q $18) 60. b8=Q $18 (60. b8=B Rh2+ 61. Kg1 Re2 $11)) 59. b7 Kh3 60. Rg1 {[%emt 0:00:37] [#]} Rf1 $1 {[%emt 0:00:00][%mdl 512] Weighted Error Value: White=0.69/Black=0.12 (very precise)   Loses game:     	White=1     	---        Mistake:       	White=5     	Black=3      Inaccurate:     	White=3     	Black=3      OK:         	White=7     	Black=16     Best:        	White=1     	Black=4} 0-1

[Event "Karel Janecek Open 2025"]
[Site "Prague"]
[Date "2025.03.03"]
[Round "5.15"]
[White "Toman, Ondrej"]
[Black "Poetsch, Hagen"]
[Result "1/2-1/2"]
[Annotator "TA"]
[ECO "D41"]
[WhiteElo "2274"]
[BlackElo "2482"]
[PlyCount "116"]
[EventDate "2025.02.21"]
[EventType "swiss"]
[EventCountry "CZE"]
[SourceTitle "playchess.com"]
[Source "ChessBase"]
[SourceQuality "1"]
[TimeControl "40/5400+30:1800+30"]

1. d4 d5 2. c4 e6 3. Nc3 Nf6 4. cxd5 Nxd5 5. e4 Nxc3 6. bxc3 c5 7. Nf3 cxd4 8. cxd4 Bb4+ 9. Bd2 Bxd2+ 10. Qxd2 O-O 11. Be2 b6 12. O-O Bb7 13. Qf4 {[%emt 0:01:52] D41: Queen's Gambit Declined: Semi-Tarrasch with 5 cxd5.} Nd7 14. Rac1 Qb8 15. Qh4 Qd8 16. Qf4 Rc8 17. Rxc8 Qxc8 18. Rc1 {[%emt 0:01:09] Dodges Qc2} Qb8 19. Qxb8 Rxb8 $146 (19... Nxb8 20. Bd3 Nc6 21. Bb1 Rd8 22. Rd1 Kf8 23. Kf1 Na5 24. Rc1 Nc6 25. Rd1 h6 26. Ke2 Rc8 27. Kd2 g5 {0-1 Planells Roig,J (2070)-Mascaro March,P (2360) Ibiza 2006 (6.4)}) 20. Rc7 Nf6 21. Ne5 {[%emt 0:01:46] [#] f3 is the strong threat.} Bxe4 22. Rxa7 Ra8 {[%emt 0:05:46] The position is equal.} 23. Rxa8+ Bxa8 $11 {[%emt 0:00:07][%mdl 4096] Endgame KBN-KBN} 24. a4 Bd5 25. Bb5 Kf8 26. f3 Ke7 27. Kf2 Ba2 28. g3 Nd5 29. Bc4 Bxc4 30. Nxc4 {[%emt 0:00:02] KN-KN} f6 31. Ke1 Kd7 32. Kd2 Kc6 33. Na3 g5 34. Kd3 h5 35. Nc2 g4 36. f4 f5 37. Kc4 Kc7 38. Kd3 Kb7 39. Kc4 Kc7 40. Kd3 Kc6 41. Kc4 Kb7 42. Kb3 Nf6 43. Ne3 Kc6 44. Kc4 Ne4 45. d5+ exd5+ 46. Nxd5 Nd2+ 47. Kd4 $1 Nf3+ 48. Kc4 h4 49. Ne7+ Kd7 50. Nxf5 h3 51. Ne3 (51. Kb5 Nxh2 (51... Kc7 52. Kc4 $17) 52. Ne3 (52. Kxb6 $2 Nf3 $19) 52... Kc7) 51... Nxh2 52. Kd5 Kc7 53. f5 Kd7 54. f6 Ke8 55. Kc6 Nf3 $1 56. Nf1 (56. Kxb6 $2 h2 57. Nxg4 h1=Q $19 (57... h1=R $2 58. a5 $19)) (56. Nxg4 $2 Ne5+ 57. Nxe5 h2 58. Kxb6 (58. f7+ $2 Ke7 $19) 58... h1=Q $19 (58... h1=R 59. a5 $16)) 56... Nd2 $1 57. Nh2 (57. Nxd2 $2 h2 58. Ne4 h1=Q $19 (58... h1=R 59. Kxb6 Rb1+ 60. Kc6 $11)) 57... Nf3 58. Nf1 (58. Nxg4 $2 {perishes.} Ne5+ 59. Nxe5 h2 60. Kxb6 (60. f7+ $2 Ke7 $19) 60... h1=Q $19 (60... h1=R 61. a5 $14)) 58... Nd2 $1 {[%emt 0:00:07] A balanced but interesting game.   Weighted Error Value: White=0.02 (flawless) /Black=0.02 (flawless)   OK:         	White=25    	Black=13     Best:        	White=1     	Black=2      Strong:       	White=1     	Black=3} 1/2-1/2

[Event "Karel Janecek Open 2025"]
[Site "Prague"]
[Date "2025.03.03"]
[Round "5.16"]
[White "Urazayev, Arystanbek"]
[Black "Soham Datar"]
[Result "1-0"]
[Annotator "TA"]
[ECO "B30"]
[WhiteElo "2467"]
[BlackElo "2239"]
[PlyCount "107"]
[EventDate "2025.02.21"]
[EventType "swiss"]
[EventCountry "CZE"]
[SourceTitle "playchess.com"]
[Source "ChessBase"]
[SourceQuality "1"]
[TimeControl "40/5400+30:1800+30"]

1. e4 c5 2. Nf3 Nc6 3. Bb5 e5 4. O-O Bd6 5. d4 cxd4 6. c3 {[%emt 0:02:17][%cal Rc3d4] B30: Sicilian: 2...Nc6 3 Bb5, lines without ...g6.} Nge7 7. cxd4 exd4 8. Nxd4 {[%emt 0:01:25] White is slightly better.} O-O {[%emt 0:14:34] 8...a6 is not played anymore.} 9. Nc3 a6 10. Ba4 Be5 (10... Bc5 $11 11. Be3 Nxd4) 11. Nde2 $146 (11. Be3 b5 12. Bb3 Bb7 13. f4 Bc7 14. Nxc6 Bxc6 15. Kh1 Kh8 16. Qe2 b4 17. Nd5 Nxd5 18. exd5 {0-1 Sezdbekov,R (2251)-Vishnu,P (2382) Kazan BRICS Games Blitz Team 2024 (6.9)}) 11... d6 12. f4 Bf6 13. Be3 {[%emt 0:01:13] Against Qb6} Bg4 14. Qd3 b5 15. Bb3 Na5 16. Nd5 (16. Bf2 $14) 16... Nxd5 $11 17. Bxd5 Rc8 (17... Nc4 $5) 18. Nd4 Nc4 {[%emt 0:00:53] [#]} (18... Bd7 $11 {remains equal.}) 19. Bf2 $1 $16 Bd7 (19... Nxb2 20. Qg3 h5 21. h3 $11) 20. Rac1 {[%emt 0:09:04] White is more active.} (20. b3 $16 Nb6 21. Bb7) 20... Nxb2 $11 21. Qa3 Na4 22. Rxc8 Bxc8 23. Rc1 h6 24. h3 Kh8 $2 {[%emt 0:01:43][%mdl 8192] White stays focused until the end.} (24... Re8 $11 {and Black has nothing to worry.}) 25. Nc6 $18 Qe8 {[%emt 0:05:05] Threatens to win with ...Bb2.} 26. Qxd6 Bb2 27. Rc2 Be6 28. Bxe6 fxe6 29. Ne7 Kh7 {[%emt 0:00:58] Prevents Ng6.} 30. Rc8 (30. Qxe6 $2 Rf6 31. Qg4 (31. Rc8 $2 Rxe6 32. Rxe8 Rxe4 $19) 31... Qxe7 $17) 30... Qf7 31. Rxf8 Qxf8 32. Qxe6 Ba3 (32... Qe8 $142 33. f5 Ba3) 33. Qg6+ Kh8 34. Nd5 {[%emt 0:00:21][%cal Oe4e5] and e5! should not be overlooked} Bc5 (34... Qd6 $142 35. Qxd6 Bxd6) 35. Qxa6 Bxf2+ 36. Kxf2 {[%emt 0:00:01][%mdl 4096] Endgame KQN-KQN. White is two pawns up.} Nc5 37. Qxb5 Nxe4+ 38. Kf3 Ng5+ 39. Kg3 Ne6 40. Qb4 Qd8 41. Qc4 Qd6 42. Kf2 Nc5 43. Kg1 Ne6 $2 (43... Kh7 {was worth a try.} 44. Kh1 Kh8) 44. a4 Qd7 (44... Nc5 $142 45. a5 h5) 45. Kh1 Qd8 46. Kh2 Nf8 47. Qc6 {[%emt 0:00:00] Prevents Ne6.} Kh7 48. Qc2+ Kh8 49. Qe4 Qa8 {[%emt 0:01:20] [#]} 50. Nf6 $1 Qd8 (50... Qxe4 51. Nxe4) 51. Ng4 Qa5 52. Ne5 Qd2 53. Qf5 Ne6 54. Ng6+ {[%emt 0:00:00] Weighted Error Value: White=0.21 (precise) /Black=0.41  Loses game:     	---       	Black=1      Mistake:       	White=2     	Black=6      Inaccurate:     	White=1     	Black=7      OK:         	White=16    	Black=14     Best:        	White=6     	Black=2      Strong:       	White=1     	---} (54. Qxe6 Qxf4+ 55. Kg1 Qe3+ 56. Kf1 Qf4+ 57. Nf3 Qxa4 $18) 1-0

[Event "Karel Janecek Open 2025"]
[Site "Prague"]
[Date "2025.03.04"]
[Round "6.1"]
[White "Ioannidis, Evgenios"]
[Black "Pechac, Jergus"]
[Result "1/2-1/2"]
[Annotator "TA"]
[ECO "D41"]
[WhiteElo "2484"]
[BlackElo "2603"]
[PlyCount "98"]
[EventDate "2025.02.21"]
[EventType "swiss"]
[EventCountry "CZE"]
[SourceTitle "playchess.com"]
[Source "ChessBase"]
[SourceQuality "1"]
[TimeControl "40/5400+30:1800+30"]

1. d4 Nf6 2. c4 e6 3. Nf3 d5 4. Nc3 c5 5. cxd5 cxd4 6. Qxd4 exd5 7. e4 {[%emt 0:00:18] 7.Bg5 injects fresh life into this line. D41: Queen's Gambit Declined: Semi-Tarrasch with 5 cxd5.} dxe4 8. Qxd8+ Kxd8 9. Ng5 {[%emt 0:00:06][%csl LRe4,LRf7] White has an edge.} Be6 10. Bd2 Bb4 11. g3 ({Much weaker is} 11. Ngxe4 Nxe4 12. Nxe4 Bxd2+ 13. Nxd2 Nc6 $11) 11... Nbd7 12. Nxe6+ fxe6 {[%emt 0:00:06] [#]} 13. Nxe4 $146 (13. Bg2 Nc5 14. Ke2 Ke7 15. Nxe4 Bxd2 16. Nxc5 Ba5 17. Rac1 Bb6 18. Na4 Rhd8 19. Nxb6 axb6 {1-0 Paravyan,D (2584)-Svane,R (2620) Titled Tuesday intern op 21st Mar Early blitz 2023 (8)}) 13... Bxd2+ 14. Nxd2 Rc8 15. Bc4 Ke7 16. Ke2 Ne4 {[%emt 0:03:19] [#]} 17. Rac1 Ne5 18. Nxe4 Nxc4 19. Rc3 Nd6 20. Rhc1 Rxc3 21. Nxc3 $11 {[%emt 0:00:04][%mdl 4096] Endgame KRN-KRN} Rc8 22. Kd3 Rc5 23. f4 h5 24. Re1 Kf6 25. b4 Rf5 26. a4 h4 27. Rc1 hxg3 28. hxg3 g5 29. Ne4+ Nxe4 30. Kxe4 gxf4 {[%emt 0:00:14] KR-KR. Black is a pawn up.} 31. g4 Rd5 32. Rc7 Rd1 33. Rxb7 e5 34. g5+ Kg6 35. Rxa7 Re1+ 36. Kf3 (36. Kd5 e4 37. Ke5 f3 (37... Kxg5 38. Rg7+ Kh6 39. Rf7 $11) 38. Ra6+ Kxg5 $19) 36... Kxg5 37. Rg7+ Kf5 ({Black should try} 37... Kf6 $17 38. Rg8 Re3+ 39. Kg2 e4) 38. Rf7+ Ke6 39. Rf8 Re3+ 40. Kg4 $1 Rg3+ 41. Kh4 Rb3 42. b5 {[%emt 0:00:55] The position is equal.} Kd5 43. Rd8+ Kc4 44. Kg4 f3 45. Rd1 Kc5 46. Kg3 e4 {[%emt 0:01:03] Threatens to win with ...Rb2.} 47. Kf4 Rb4 48. Ra1 Kd4 49. Rd1+ Kc5 {[%emt 0:01:55] Weighted Error Value: White=0.03 (flawless) /Black=0.07 (flawless)   Mistake:       	---       	Black=1      Inaccurate:     	White=2     	Black=1      OK:         	White=18    	Black=24     Best:        	White=2     	Black=3      Strong:       	White=1     	---} 1/2-1/2

[Event "Karel Janecek Open 2025"]
[Site "Prague"]
[Date "2025.03.04"]
[Round "6.2"]
[White "Raja Rithvik R"]
[Black "Zhao, Yuanhe"]
[Result "1/2-1/2"]
[Annotator "TA"]
[ECO "B30"]
[WhiteElo "2522"]
[BlackElo "2466"]
[PlyCount "59"]
[EventDate "2025.02.21"]
[EventType "swiss"]
[EventCountry "CZE"]
[SourceTitle "playchess.com"]
[Source "ChessBase"]
[SourceQuality "1"]
[TimeControl "40/5400+30:1800+30"]

1. e4 c5 2. Nf3 Nc6 3. Bb5 e6 4. O-O Nge7 5. d4 cxd4 6. Nxd4 Nxd4 {[%emt 0:02:44] B30: Sicilian: 2...Nc6 3 Bb5, lines without ...g6.} 7. Qxd4 a6 8. Be2 Nc6 {[%emt 0:00:10] White has an edge.} 9. Qc3 Qf6 {[%emt 0:06:37] Repels Bf4} 10. Qxf6 gxf6 11. Be3 {[%emt 0:01:05] Prevents Bc5.} b6 12. Nd2 $146 (12. c3 Bc5 13. Bh6 Bf8 14. Bf4 Bb7 15. Nd2 Ne5 16. Rfd1 Rg8 17. f3 d5 18. exd5 Bxd5 {0-1 Benjamin,J (2524)-Christiansen,L (2574) USA-ch Seniors 50 2019 (9)}) 12... Bc5 13. Nc4 Bxe3 $1 14. Nxe3 Ke7 15. c3 (15. Rfd1 $16) 15... Bb7 (15... a5 $1 $14) 16. a4 Rab8 17. Rfd1 Rhg8 18. f4 {[%emt 0:05:28] White is more active.} Na7 19. Rd4 b5 20. axb5 Nxb5 21. Rb4 Nc7 22. Bd3 Bc6 23. Rxb8 Rxb8 24. Ra2 a5 25. Nc2 Bb5 26. Bxb5 Nxb5 {[%emt 0:00:04] The position is equal.} 27. Ne3 Nd6 28. e5 fxe5 29. fxe5 Nb7 30. Nc4 {[%emt 0:08:09] Weighted Error Value: White=0.13 (very precise) /Black=0.09 (flawless)   Mistake:       	White=1     	Black=1      Inaccurate:     	White=6     	Black=3      OK:         	White=10    	Black=12     Strong:       	---       	Black=1} 1/2-1/2